 Dungeon Crawl Stone Soup version 0.31-a0-271-gb88eb75e06 (webtiles) character file.

Game seed: 10980310954421124839

66 Caestello the Chiller (level 4, 0/24 HPs)
             Began as a Gargoyle Ice Elementalist on July 14, 2023.
             Slain by Terence
             ... wielding a +2 heavy hand axe
              (10 damage)
             ... on level 2 of the Dungeon.
             The game lasted 00:06:22 (1440 turns).

Caestello the Chiller (Gargoyle Ice Elementalist)   Turns: 1440, Time: 00:06:27

Health: 0/24       AC:  5    Str: 12    XL:     4   Next: 15%
Magic:  1/8        EV: 12    Int: 15    God:
Gold:   110        SH:  0    Dex: 12    Spells: 7/8 levels left

rFire   . . .        c - +0 sling
rCold   . . .        (no shield)
rNeg    + . .        a - +0 robe
rPois   ∞            (no helmet)
rElec   +            (no cloak)
rCorr   .            (no gloves)
SInv    .            (no boots)
Will    .....        (no amulet)
Stlth   ++           (no ring)
HPRegen 0.24/turn    (no ring)
MPRegen 0.11/turn

%: no passive effects
@: no status effects
A: sickness immunity, AC +3, negative energy resistance 1, electricity
resistance, torment resistance 1, petrification resistance
a: no special abilities


You were on level 2 of the Dungeon.
You visited 1 branch of the dungeon, and saw 2 of its levels.

You collected 110 gold pieces.

Inventory:

Hand Weapons
 c - a +0 sling (weapon)
 d - a +0 short sword of venom
Missiles
 j - 3 curare-tipped darts
Armour
 a - a +0 robe (worn)
 h - a +2 scale mail of willpower
Jewellery
 e - a +5 ring of evasion
Scrolls
 f - a scroll of identify {unknown}
 k - 2 scrolls of noise {unknown}
 n - a scroll of blinking {unknown}
 o - a scroll of teleportation {unknown}
Potions
 b - a potion of magic
 g - a potion of haste {unknown}
 i - 2 potions of might {unknown}
 l - a potion of berserk rage {unknown}
 m - a potion of lignification {unknown}


   Skills:
 + Level 0.6 Fighting
 + Level 1.8 Ranged Weapons
 + Level 1.6 Dodging
 + Level 2.2 Stealth
 + Level 2.6 Spellcasting
 + Level 4.5 Ice Magic


You had 7 spell levels left.
You knew the following spells:

 Your Spells              Type           Power      Damage    Failure   Level
a - Freeze                Ice            60%        1d7       3%          1

Your spell library contained the following spells:

 Spells                   Type           Power      Damage    Failure   Level
 Frozen Ramparts          Ice            30%        1d5       10%         3
 Ozocubu's Armour         Ice            15%        N/A       10%         3
 Ensorcelled Hibernation  Hex/Ice        16%        N/A       12%         2
 Passwall                 Tmut/Erth      0%         N/A       32%         2
 Swiftness                Air            1%         N/A       54%         3
 Summon Ice Beast         Ice/Summ       8%         N/A       63%         4


Dungeon Overview and Level Annotations

Branches:
Dungeon (2/15)

Altars:

Annotations:
D:2 Terence


Innate Abilities, Weirdness & Mutations

You are immune to sickness and miasma.
Your stone body is resilient. (AC +3)
You are immune to poison.
You resist negative energy. (rN+)
You are resistant to electric shocks. (rElec)
You are resistant to unholy torment.
You are immune to petrification.


Message History

Terence is moderately wounded.
You freeze Terence.
Terence resists.
Terence is heavily wounded.
Terence hits you with a +2 heavy hand axe!
You freeze Terence.
Terence resists.
Terence is heavily wounded.
Terence hits you with a +2 heavy hand axe.
You are too injured to fight recklessly!
You are too injured to fight recklessly!
Terence says, "How do you enjoy it?"
You shoot a sling bullet. The sling bullet hits Terence.
Terence is severely wounded.
You freeze Terence.
Terence resists.
Terence is severely wounded.
Terence hits you with a +2 heavy hand axe!
You are too injured to fight recklessly!
You are too injured to fight recklessly!
You are too injured to fight recklessly!
Aiming: Freeze (safe; 3% risk of failure)
Press: ? - help, Q - select action, (/) - cycle Shift-Dir - straight line, f/p - Terence
Aim: Terence, wielding a +2 heavy hand axe and wearing a +0 scale mail of cold resistance (severely wounded)
You freeze Terence.
Terence resists.
Terence is severely wounded.
Terence closely misses you.
Aiming: Freeze (safe; 3% risk of failure)
Press: ? - help, Q - select action, (/) - cycle Shift-Dir - straight line, f/p - Terence
Aim: Terence, wielding a +2 heavy hand axe and wearing a +0 scale mail of cold resistance (severely wounded)
You freeze Terence but do no damage.
Terence completely resists.
Aiming: Freeze (safe; 3% risk of failure)
Press: ? - help, Q - select action, (/) - cycle Shift-Dir - straight line, f/p - Terence
Aim: Terence, wielding a +2 heavy hand axe and wearing a +0 scale mail of cold resistance (severely wounded)
You freeze Terence.
Terence resists.
Terence is almost dead.
Terence misses you.
Aiming: Freeze (safe; 3% risk of failure)
Press: ? - help, Q - select action, (/) - cycle Shift-Dir - straight line, f/p - Terence
Aim: Terence, wielding a +2 heavy hand axe and wearing a +0 scale mail of cold resistance (almost dead)
You freeze Terence but do no damage.
Terence completely resists.
Terence hits you with a +2 heavy hand axe!
You die...

# # # # ##### #
#...############ #
#.....)....)...# #
#...##########.# #
##.## #.# # #.#
#@# # #.# #@# #
#.# #.# #<# #.#
#.# #######.#
####.#####......†#
.........#.#######
####..##.#.#
#..##.#.#


You could see Terence.

Vanquished Creatures
  A worm (D:2)
  6 dart slugs
  3 ball pythons
  7 endoplasms
  4 giant cockroaches
  3 goblins
  7 hobgoblins
  7 jackals
  2 frilled lizards (D:1)
  2 kobolds (D:1)
  A rat (D:2)
43 creatures vanquished.

Notes
Turn   | Place    | Note
-------+----------+-------------------------------------------
     0 | D:1      | Caestello the Gargoyle Ice Elementalist began the quest for
                  | the Orb.
     0 | D:1      | Reached XP level 1. HP: 10/10 MP: 3/3
   119 | D:1      | Reached XP level 2. HP: 15/15 MP: 5/5
   268 | D:1      | Reached XP level 3. HP: 19/19 MP: 3/6
   324 | D:1      | Reached skill level 1 in Ranged Weapons
   890 | D:2      | Reached XP level 4. HP: 23/24 MP: 0/7
  1402 | D:2      | Noticed Terence
  1440 | D:2      | Slain by Terence

Illustrated notes

Levels and vault maps discovered:
D:1:      amcnicky_arrival_wind_blow, layout_basic
D:2:      layout_loops_ring, minmay_misc_feat_secret_circle, uniq_terence

Skill      XL: |  1  2  3 |
---------------+----------+-----
Ranged Weapons | 1 |  1.8
Fighting       | |  0.6
Dodging        | |  1.6
Stealth        | |  2.2
Spellcasting   | |  2.6
Ice Magic      | |  4.5

Action                     |  1- 3 |  4- 6 || total
---------------------------+-------+-------++-------
   Fire: Sling             |    85 |    24 ||   109
   Cast: Freeze            |    37 |    12 ||    49
 Armour: Robe              |    15 |     2 ||    17
  Dodge: Dodged            |    48 |    14 ||    62

Table legend: (Time is in decaauts)
 A = Elapsed time spent in this place.
 B = Non-inter-level travel time spent in this place.
 C = Inter-level travel time spent in this place.
 D = Time resting spent in this place.
 E = Time spent auto-exploring this place.
 F = Levels seen in this place.
 G = Mean time per level.
                   A        B        C        D        E       F      G
               +--------+--------+--------+--------+--------+-----+--------+
         Total |   1477 |   1477 |      0 |    201 |    884 |   2 |  738.5 |
       Dungeon |   1477 |   1477 |      0 |    201 |    884 |   2 |  738.5 |
               +--------+--------+--------+--------+--------+-----+--------+

Top non-repeatable levels by time:
     D:2: 744 daAuts
     D:1: 732 daAuts
